 Dungeon Crawl Stone Soup version 0.31.0-9-g3a7656b989 (webtiles) character file.

Game seed: 3001427952519451654

86 qw the Shooter (level 4, -4/25 HPs)
             Began as a Deep Elf Hunter on Feb 2, 2024.
             Slain by Sigmund
             ... wielding a +0 scythe
              (7 damage)
             ... on level 2 of the Dungeon.
             The game lasted 00:00:05 (1429 turns).

qw the Shooter (Deep Elf Hunter)                    Turns: 1429, Time: 00:00:06

Health: -4/25      AC:  5    Str:  9 (10) XL:     4   Next: 27%
Magic:  6/6        EV: 10    Int: 11 (14) God:
Gold:   131        SH:  0    Dex: 15 (18) Spells: 3/3 levels left

rFire   . . .        a - +0 shortbow
rCold   . . .        (shield currently unavailable)
rNeg    + . .        k - +0 ring mail
rPois   .            (no helmet)
rElec   .            (no cloak)
rCorr   .            (no gloves)
SInv    .            (no boots)
Will    .....        (no amulet) Stlth
                     i - ring of positive energy
HPRegen 0.24/turn    (no ring)
MPRegen 0.10/turn

%: no passive effects
@: confused, brilliant, attractive, hasted, invisible, very quick
A: no striking features
a: no special abilities


You were on level 2 of the Dungeon.
You visited 1 branch of the dungeon, and saw 2 of its levels.

You collected 131 gold pieces.


   Skills:
 - Level 1.5 Fighting
 + Level 7.7 Ranged Weapons
 - Level 2.4 Dodging
 - Level 1.2 Stealth


You had 3 spell levels left.
You didn't know any spells.
Your spell library was empty.

Inventory:

Hand Weapons
 a - a +0 shortbow (weapon)
Armour
 k - a +0 ring mail (worn)
Jewellery
 i - a ring of positive energy (left hand)
Scrolls
 b - a scroll of teleportation {unknown}
 e - 2 scrolls of identify
 f - a scroll of vulnerability {unknown}

Dungeon Overview and Level Annotations

Branches:
Dungeon (2/15)

Altars:

Annotations:
D:2 Sigmund


Message History

Sigmund hits you from afar with a +0 scythe.
You shoot an arrow. The arrow closely misses Sigmund.
Sigmund gestures at you while chanting. The magic dart hits you.
You shoot an arrow. The arrow hits Sigmund.
Sigmund is severely wounded.
You shoot an arrow. The arrow hits Sigmund!
Sigmund is almost dead.
Sigmund hits you from afar with a +0 scythe!
You shoot an arrow.
The arrow hits Sigmund but does no damage.
Sigmund is almost dead.
You shoot an arrow. The arrow closely misses Sigmund.
Sigmund hits you from afar with a +0 scythe.
You shoot an arrow. The arrow barely misses Sigmund.
Sigmund points at you and mumbles some strange words.
You are confused.
1416 ||| DRINKING sedimented puce potion.
It was a potion of degeneration.
There was something very wrong with that liquid.
You feel weakened.
You feel dopey.
You feel clumsy.
1417 ||| DRINKING green potion.
It was a potion of invisibility.
You fade into invisibility!
Sigmund hits you from afar with a +0 scythe.
1418 ||| DRINKING glowing white potion.
It was a potion of attraction.
You feel attractive to monsters. Sigmund is attracted toward you.
1419 ||| DRINKING clear potion.
It was a potion of brilliance.
You feel clever all of a sudden. Sigmund closely misses you.
Sigmund gestures at you while chanting.
You are more confused.
Sigmund closely misses you. Sigmund casts a spell at you.
The puff of flame misses you. Sigmund barely misses you.
Sigmund looks at you with fury. Sigmund hits you with a +0 scythe!
You die...
Sigmund begins carving another notch in his scythe.

### ... ...##.###
#.....@@# ##
...#.##.# #.. #.####
##.# #....#
.#.################.#
.#........#.....###.#
....#......##.......#
##...(.....####.#####
.#....#......##.#


You could see Sigmund (unable to see you).

Vanquished Creatures
  Terence (D:2)
  An adder (D:2)
  2 ribbon worms (D:2)
  2 endoplasms (D:1)
  3 giant cockroaches
  2 goblins (D:2)
  9 hobgoblins
  6 jackals (D:1)
  A quokka (D:2)
  5 ball pythons (D:1)
  2 bats
  2 frilled lizards (D:2)
  4 kobolds
  3 rats (D:1)
43 creatures vanquished.

Notes
Turn   | Place    | Note
-------+----------+-------------------------------------------
     0 | D:1      | qw the Deep Elf Hunter began the quest for the Orb.
     0 | D:1      | Reached XP level 1. HP: 12/12 MP: 3/3
     0 | D:1      | 0 ||| qw: Version: 0.3-a-155-g5e7d8dd
     0 | D:1      | 0 ||| qw: Game counter: 645
     0 | D:1      | 0 ||| qw: Melee chars always use a shield: true
     0 | D:1      | 0 ||| qw: God list: Okawaru
     0 | D:1      | 0 ||| qw: Allow faded altars: false
     0 | D:1      | 0 ||| qw: Do Orc after clearing Dungeon:15 true
     0 | D:1      | 0 ||| qw: Do second Lair branch before Depths: true
     0 | D:1      | 0 ||| qw: Lair rune preference: random
     0 | D:1      | 0 ||| qw: Goals: Normal
     0 | D:1      | 0 ||| PLANNING D:1-11
   104 | D:1      | Reached XP level 2. HP: 12/16 MP: 4/4
   125 | D:1      | Reached skill level 6 in Ranged Weapons
   549 | D:1      | Reached XP level 3. HP: 20/20 MP: 5/5
   864 | D:1      | 864 ||| UPGRADING to +0 ring mail.
   874 | D:1      | 874 ||| DROPPING +0 leather armour.
   875 | D:1      | 875 ||| UPGRADING to ring of positive energy.
   876 | D:1      | 876 ||| READING scroll labelled LUANLOFOOBB.
   876 | D:1      | 876 ||| IDENTIFYING fizzy dark potion
   877 | D:1      | 877 ||| READING scroll labelled SOCUGINIOJ.
   878 | D:1      | 878 ||| READING scroll labelled JEMPUERUOH.
   879 | D:1      | 879 ||| READING scroll labelled OMAEGAIBOU.
   980 | D:1      | 980 ||| DRINKING 2 cyan potions.
   981 | D:1      | 981 ||| DROPPING scroll of butterflies.
   982 | D:1      | 982 ||| DROPPING potion of berserk rage.
  1142 | D:2      | Noticed Terence
  1152 | D:2      | HP: 5/20 [Terence/+0 mace (7)]
  1153 | D:2      | Killed Terence
  1154 | D:2      | Reached skill level 7 in Ranged Weapons
  1247 | D:2      | Reached XP level 4. HP: 25/25 MP: 6/6
  1405 | D:2      | Noticed Sigmund
  1406 | D:2      | 1406 ||| DRINKING potion of haste.
  1414 | D:2      | HP: 5/25 [Sigmund/+0 scythe (6)]
  1416 | D:2      | 1416 ||| DRINKING sedimented puce potion.
  1417 | D:2      | 1417 ||| DRINKING green potion.
  1417 | D:2      | HP: 1/25 [Sigmund/+0 scythe (5)]
  1418 | D:2      | 1418 ||| DRINKING glowing white potion.
  1419 | D:2      | 1419 ||| DRINKING clear potion.
  1429 | D:2      | Slain by Sigmund

Levels and vault maps discovered:
D:1:      mrwooster_arrival_statue, layout_basic,
          chequers_serial_rivers_large_a, nicolae_the_louvre
D:2:      layout_basic, minmay_pentomino_u4, uniq_terence, uniq_sigmund

Skill      XL: |  1  2  3 |
---------------+----------+-----
Ranged Weapons | 6 7 |  7.7
Fighting       | |  1.5
Dodging        | |  2.4
Stealth        | |  1.2

Action                     |  1- 3 |  4- 6 || total
---------------------------+-------+-------++-------
   Fire: Shortbow          |   114 |    31 ||   145
    Use: Scroll            |     4 |       ||     4
         Potion            |     1 |     5 ||     6
 Armour: Leather armour    |    22 |       ||    22
         Ring mail         |     5 |     9 ||    14
  Dodge: Dodged            |    29 |    12 ||    41

Table legend:
 A = Non-vault XP
 B = Vault XP
 C = Vault XP percentage of total XP
 D = Non-vault monster count
 E = Vault monster count
 F = Vault count percentage of total count
                 A         B        C        D         E       F
            +---------+---------+-------+---------+---------+-------
      Total |      86 |      38 |  30.6 |      41 |       2 |   4.7
            +---------+---------+-------+---------+---------+-------
        D:1 |      45 |       0 |   0.0 |      27 |       0 |   0.0
        D:2 |      41 |      38 |  48.1 |      14 |       2 |  12.5
            +---------+---------+-------+---------+---------+-------
